[Event "Titled Tuesday Blitz February 22 Early 2022"]
[White "Mena, Ailen Oriana"]
[Black "Tillis., Bryan"]
[WhiteFideId "3902773"]
[BlackFideId "2059053"]
[WhiteElo "1534"]
[BlackElo "2273"]
[Result "0-1"]
[Round "06"]
[TimeControl "180+1"]
[Date "2022.02.22"]
[WhiteClock "0:00:02"]
[BlackClock "0:00:06"]

1. e4 Nf6 2. e5 Nd5 3. d4 d6 4. Nf3 dxe5 5. Nxe5 c6 6. Bd3 Nd7 7. Qh5 Nxe5 8. Qxe5 Qd6 9. Qxd6 exd6 10. O-O Be7 11. a3 O-O 12. Re1 Bf6 13. c4 Nc7 14. Bf4 Ne8 15. Be3 Bg4 16. Nc3 Bh5 17. Ne4 Be7 18. Bf4 Bg6 19. Rad1 Rd8 20. Nc3 Bxd3 21. Rxd3 Bf6 22. Ne4 Rd7 23. b4 b6 24. d5 c5 25. b5 Bd4 26. a4 f5 27. Ng5 Nc7 28. Ne6 Rff7 29. Nxc7 Rxc7 30. Bxd6 Rc8 31. Bf4 h6 32. Be5 Re8 33. Rxd4 cxd4 34. f4 Rd7 35. Rd1 Rc8 36. Rxd4 Kf7 37. Kf2 g5 38. Ke3 Kg6 39. g3 h5 40. h3 h4 41. fxg5 hxg3 42. Bxg3 Re8+ 43. Kf3 Kxg5 0-1


[Site "https://www.chess.com"]

[Event "Titled Tuesday Blitz February 22 Early 2022"]
[White "Mikhailov, Viacheslav"]
[Black "Moskvin, Anatoly"]
[WhiteFideId "4187369"]
[BlackFideId "24199990"]
[WhiteElo "2381"]
[BlackElo "2079"]
[Result "0-1"]
[Round "06"]
[TimeControl "180+1"]
[Date "2022.02.22"]
[WhiteClock "0:00:01"]
[BlackClock "0:00:04"]

1. Nf3 g6 2. g3 Bg7 3. Bg2 c5 4. O-O Nc6 5. c3 e6 6. d4 cxd4 7. cxd4 Nge7 8. Nc3 d6 9. Bf4 a6 10. Ne4 Nf5 11. g4 d5 12. Bg5 f6 13. Nxf6+ Bxf6 14. Bxf6 Qxf6 15. gxf5 Qxf5 16. Qd2 O-O 17. Qh6 Rf7 18. Rac1 Bd7 19. Bh3 Qf6 20. Qe3 Raf8 21. Kh1 Kh8 22. Rg1 Qe7 23. Rg3 Rf4 24. Rcg1 Re4 25. Qh6 Be8 26. Ng5 Rxe2 27. Nxh7 Qg7 28. Qxg7+ Kxg7 29. Nxf8 Kxf8 30. Re3 Rxf2 31. Bxe6 Nxd4 32. Bxd5 Rxb2 33. Rf1+ Nf5 34. Rb3 Rxb3 35. axb3 b6 36. Be4 Bd7 37. Kg2 Ke7 38. Bxf5 Bxf5 39. Ra1 a5 40. Kg3 Bc2 41. Ra3 Kd6 42. Kf4 Kc5 43. Ke3 Kb4 44. Ra4+ Kxb3 45. Rg4 a4 46. Kd2 Bf5 47. Rg3+ Kb2 48. Rg2 a3 49. Ke3+ Kb3 50. Rg3 a2 51. Kd4+ Kb4 52. Rg1 Bb1 53. Rxg6 a1=Q+ 0-1


[Site "https://www.chess.com"]

[Event "Titled Tuesday Blitz February 22 Early 2022"]
[White "Mikhalsky, Vladimir"]
[Black "Iskusnyh, Sergei"]
[WhiteFideId "14144352"]
[BlackFideId "4120027"]
[WhiteElo "2248"]
[BlackElo "2492"]
[Result "0-1"]
[Round "06"]
[TimeControl "180+1"]
[Date "2022.02.22"]
[WhiteClock "0:00:03"]
[BlackClock "0:00:05"]

1. c4 c5 2. Nf3 g6 3. d4 cxd4 4. Nxd4 Nc6 5. Nc3 Bg7 6. Nc2 d6 7. e4 Bxc3+ 8. bxc3 Nf6 9. Bh6 Qa5 10. f3 Be6 11. Qd2 Ne5 12. Bg7 Rg8 13. Bxf6 exf6 14. Ne3 Rc8 15. Kf2 Qc5 16. Rb1 b6 17. Rb4 Ke7 18. Be2 Rgd8 19. Rd1 Kf8 20. f4 Nc6 21. Rb5 Qa3 22. f5 Bd7 23. Qxd6+ Qxd6 24. Rxd6 Be8 25. Rxd8 Rxd8 26. Nd5 Kg7 27. Rb1 Ne5 28. Ke3 Rc8 29. Rb4 Bd7 30. g4 g5 31. h3 Bc6 32. a4 Re8 33. Kd4 Ba8 34. Rb2 Nc6+ 35. Ke3 Ne5 36. Kd4 Nc6+ 37. Ke3 Rc8 38. Ra2 Na5 39. Kd4 Bb7 40. e5 fxe5+ 41. Kxe5 Re8+ 42. Kd4 Nc6+ 43. Kd3 Ne5+ 44. Kd4 Nc6+ 45. Kd3 Ba6 46. Nb4 Bb7 47. Nxc6 Bxc6 48. a5 b5 49. cxb5 Bxb5+ 50. c4 Bc6 51. Kd4 f6 52. Kc5 Bg2 53. Kd6 Bxh3 54. c5 Bg2 55. c6 Rd8+ 56. Ke7 Rc8 57. Bb5 Bxc6 58. Rc2 Re8+ 59. Kd6 Bxb5 60. Rc7+ Kg8 61. Rxa7 Re4 62. Rb7 Bf1 63. Rb8+ Kf7 64. Rb7+ Kg8 65. Rb8+ Kg7 66. Rb7+ Kh6 67. Rf7 Rxg4 68. Rxf6+ Kg7 69. Re6 Ra4 70. Ke7 Rf4 71. f6+ Kg8 72. a6 Bxa6 73. Rxa6 Re4+ 74. Kd8 Kf7 75. Ra7+ Kxf6 76. Rxh7 g4 77. Kd7 Kf5 78. Kd6 Kf4 79. Kd5 Re8 80. Rf7+ Kg3 81. Kd4 Kg2 82. Kd3 g3 83. Ra7 Kf2 84. Rf7+ Kg1 85. Ra7 g2 86. Ra1+ Kh2 87. Ra2 Kh1 88. Kd4 g1=Q+ 0-1


[Site "https://www.chess.com"]

[Event "Titled Tuesday Blitz February 22 Early 2022"]
[White "Mirzanurov, Bulat"]
[Black "Brankovic, Dejan"]
[WhiteFideId "4184521"]
[BlackFideId "921602"]
[WhiteElo "2116"]
[BlackElo "2209"]
[Result "0-1"]
[Round "06"]
[TimeControl "180+1"]
[Date "2022.02.22"]
[WhiteClock "0:00:12"]
[BlackClock "0:02:01"]

1. e4 c5 2. Nf3 d6 3. d4 cxd4 4. Nxd4 Nf6 5. Nc3 g6 6. f3 Bg7 7. Be3 Nc6 8. Qd2 O-O 9. O-O-O d5 10. exd5 Nxd5 11. Nxc6 bxc6 12. Bd4 e5 13. Bc5 Be6 14. Ne4 Rb8 15. h4 f5 16. Ng5 e4 17. c3 Qa5 18. Nxe6 Qxa2 19. b4 Qa1+ 20. Kc2 Qa4+ 21. Kc1 Bxc3 22. Qc2 Qa3+ 0-1


[Site "https://www.chess.com"]

[Event "Titled Tuesday Blitz February 22 Early 2022"]
[White "Mohammad Fahad, Rahman"]
[Black "Jumabayev, Rinat"]
[WhiteFideId "10207791"]
[BlackFideId "13702661"]
[WhiteElo "2323"]
[BlackElo "2561"]
[Result "1-0"]
[Round "06"]
[TimeControl "180+1"]
[Date "2022.02.22"]
[WhiteClock "0:00:12"]
[BlackClock "0:00:02"]

1. d4 Nf6 2. c4 e6 3. Nf3 Bb4+ 4. Bd2 a5 5. a3 Be7 6. Nc3 d5 7. Bf4 c6 8. e3 O-O 9. h3 Nbd7 10. Qc2 dxc4 11. Bxc4 b5 12. Bd3 Bb7 13. O-O b4 14. Na4 c5 15. Ng5 h6 16. Nh7 Nxh7 17. Bxh7+ Kh8 18. dxc5 e5 19. Bg3 g6 20. Bxg6 fxg6 21. Qxg6 Rf6 22. Qg4 Qc7 23. Rad1 Bc6 24. Nb6 Nxb6 25. cxb6 Qxb6 26. Bxe5 Rg8 27. Bxf6+ Bxf6 28. Qe6 Rxg2+ 29. Kh1 Rg6+ 30. e4 Qc5 31. Rg1 Rxg1+ 32. Rxg1 Bg7 33. Qc8+ Kh7 34. Qg4 1-0


[Site "https://www.chess.com"]

[Event "Titled Tuesday Blitz February 22 Early 2022"]
[White "Moksh Amit Doshi"]
[Black "Moiseenko, Alexander"]
[WhiteFideId "25064967"]
[BlackFideId "14102560"]
[WhiteElo "2245"]
[BlackElo "2577"]
[Result "0-1"]
[Round "06"]
[TimeControl "180+1"]
[Date "2022.02.22"]
[WhiteClock "0:00:18"]
[BlackClock "0:00:05"]

1. d4 Nf6 2. c4 c5 3. d5 b5 4. cxb5 a6 5. bxa6 g6 6. Nc3 Bg7 7. e4 O-O 8. Nf3 Qa5 9. a7 Qxa7 10. Be2 d6 11. O-O Ba6 12. a4 Bxe2 13. Qxe2 Qa6 14. Qc2 Nbd7 15. h3 Rfb8 16. Rb1 Ne8 17. b3 Nc7 18. Bg5 Kf8 19. Rfc1 Rb4 20. Bd2 Rb7 21. Na2 h6 22. Bc3 Nf6 23. Ba1 Kg8 24. Nd2 Rab8 25. b4 Qa7 26. b5 Na8 27. Nc4 Nb6 28. Nxb6 Rxb6 29. Bc3 Nd7 30. Ra1 Bxc3 31. Nxc3 Qa5 32. Nd1 R6b7 33. Nb2 Nb6 34. Qc3 Qxc3 35. Rxc3 Ra7 36. a5 Nd7 37. Rb3 Ne5 38. f4 c4 39. Rb4 Nd3 40. Nxd3 cxd3 41. Kf2 Rc7 42. a6 d2 43. Ke2 Rc1 44. Rbb1 d1=Q+ 0-1


[Site "https://www.chess.com"]

[Event "Titled Tuesday Blitz February 22 Early 2022"]
[White "Moroni, Luca Jr"]
[Black "Aradhya, Garg"]
[WhiteFideId "865834"]
[BlackFideId "25006746"]
[WhiteElo "2573"]
[BlackElo "2169"]
[Result "0-1"]
[Round "06"]
[TimeControl "180+1"]
[Date "2022.02.22"]
[WhiteClock "0:00:06"]
[BlackClock "0:00:10"]

1. d4 d5 2. Bf4 c5 3. e3 Nc6 4. Nf3 Nf6 5. Nbd2 Qb6 6. dxc5 Qxb2 7. Rb1 Qc3 8. Bb5 g6 9. O-O Bg7 10. Nb3 O-O 11. Nfd4 e5 12. Bxc6 exf4 13. Ne2 Qc4 14. Na5 Qxc5 15. Bxb7 Bxb7 16. Nxb7 Qc7 17. Nxf4 Rab8 18. Nxd5 Nxd5 19. Qxd5 Qxc2 20. Rfc1 Qa4 21. g3 h5 22. Nd6 Rbd8 23. Rd1 Qa6 24. h4 Rd7 25. Rbc1 Rfd8 26. Rc6 Qa3 27. Kg2 Bf8 28. Nc4 Rxd5 29. Rxd5 Rxd5 30. Nxa3 Bxa3 31. Ra6 Bc5 32. Ra5 Re5 33. f4 Rd5 34. Kh3 f5 35. a4 Kf7 36. Rb5 Ke6 37. a5 Bxe3 38. Rb7 Rxa5 39. Rg7 Kf6 40. Rb7 Bg1 41. Rb8 Ra2 42. g4 hxg4+ 43. Kg3 Bf2+ 44. Kg2 Bxh4+ 45. Kf1 Bg3 46. Rf8+ Kg7 47. Rb8 Bxf4 48. Rb7+ Kf6 49. Rb4 Kg5 50. Rb7 g3 51. Re7 Kg4 52. Kg1 g2 53. Re1 Kf3 54. Rb1 Be3+ 55. Kh2 g1=Q+ 0-1


[Site "https://www.chess.com"]

[Event "Titled Tuesday Blitz February 22 Early 2022"]
[White "Muradov, Soltan"]
[Black "Ianov, Viktor"]
[WhiteFideId "14002108"]
[BlackFideId "14102730"]
[WhiteElo "1854"]
[BlackElo "2215"]
[Result "0-1"]
[Round "06"]
[TimeControl "180+1"]
[Date "2022.02.22"]
[WhiteClock "0:01:12"]
[BlackClock "0:01:34"]

1. d4 d6 2. e4 Nf6 3. Nc3 c6 4. Nf3 Bg4 5. h3 Bh5 6. g4 Bg6 7. Bd3 e6 8. Qe2 Be7 9. Bf4 d5 10. O-O-O Qa5 11. Bd2 dxe4 12. Bxe4 Nxe4 13. Nxe4 Qxa2 14. Nc3 Qa1+ 15. Nb1 Nd7 16. h4 h5 17. Ne5 Nxe5 18. Qxe5 O-O-O 19. Bc3 Bf6 20. Qf4 hxg4 21. Qxg4 Bh5 22. Qf4 Bxd1 23. Rxd1 Rxh4 24. Qg3 Rdh8 25. Qd6 Rh1 26. Be1 Bg5+ 27. f4 Bf6 28. c3 Qa5 29. Na3 Qc7 30. Qb4 Qxf4+ 31. Kb1 Qe4+ 32. Nc2 R8h2 0-1


[Site "https://www.chess.com"]

[Event "Titled Tuesday Blitz February 22 Early 2022"]
[White "Murthy, Pappu"]
[Black "Coelho, Ramyres Santana"]
[WhiteFideId "2013401"]
[BlackFideId "2120690"]
[WhiteElo "1924"]
[BlackElo "1888"]
[Result "1/2-1/2"]
[Round "06"]
[TimeControl "180+1"]
[Date "2022.02.22"]
[WhiteClock "0:00:18"]
[BlackClock "0:00:26"]

1. c4 Nf6 2. Nc3 d6 3. g3 g6 4. Bg2 Bg7 5. e4 O-O 6. Nge2 Nc6 7. O-O e5 8. d3 Be6 9. Nd5 Bxd5 10. cxd5 Ne7 11. h3 Nd7 12. Be3 f5 13. Qd2 Nf6 14. Rac1 c5 15. dxc6 Nxc6 16. exf5 gxf5 17. d4 e4 18. Nf4 Qe7 19. a3 Kh8 20. b4 a6 21. a4 d5 22. b5 axb5 23. axb5 Na5 24. Rc3 Nc4 25. Qe2 Qb4 26. Rfc1 Qxb5 27. Nxd5 Nxd5 28. Rxc4 Nxe3 29. fxe3 Rac8 30. Bf1 Rxc4 31. Qxc4 Qb2 32. Qc7 Qd2 33. Qc3 Qa2 34. Rc2 Qa4 35. Kg2 Qd7 36. Qc7 Qe6 37. Qxb7 Bh6 38. Rc7 Qa2+ 39. Kh1 Qf2 40. Rxh7+ Kg8 41. Rxh6 Qxf1+ 42. Kh2 Qf2+ 43. Kh1 Qe1+ 44. Kh2 Qd2+ 45. Kh1 Qc1+ 46. Kh2 Qd2+ 47. Kh1 Qd1+ 48. Kh2 Qe2+ 49. Kh1 Qf3+ 50. Kh2 Qf2+ 51. Kh1 Qf1+ 52. Kh2 Qf2+ 1/2-1/2


[Site "https://www.chess.com"]

[Event "Titled Tuesday Blitz February 22 Early 2022"]
[White "Murzin, Volodar"]
[Black "Barp, Alberto"]
[WhiteFideId "44155573"]
[BlackFideId "872555"]
[WhiteElo "2585"]
[BlackElo "2229"]
[Result "1-0"]
[Round "06"]
[TimeControl "180+1"]
[Date "2022.02.22"]
[WhiteClock "0:00:03"]
[BlackClock "0:00:07"]

1. Nf3 d5 2. e3 Nf6 3. c4 e6 4. Nc3 Nbd7 5. Be2 Bd6 6. O-O O-O 7. Qc2 a6 8. b3 b6 9. Bb2 Bb7 10. Rac1 c5 11. cxd5 exd5 12. d4 Rc8 13. Qb1 Re8 14. Rfd1 Qe7 15. a4 cxd4 16. Nxd4 Qe5 17. Nf3 Qh5 18. h3 Bb8 19. Rd4 Nc5 20. Rcd1 Nxb3 21. Rh4 Qg6 22. Bd3 Ne4 23. Rg4 Nxc3 24. Bxc3 Qxg4 25. hxg4 Rxc3 26. Bxh7+ Kf8 27. Bc2 Nc5 28. Nd4 Bc7 29. g5 Rd8 30. g6 Rd6 31. gxf7 Kxf7 32. Bf5 g6 33. Bg4 Rc4 34. a5 b5 35. Be2 Ne4 36. Bxc4 dxc4 37. Qc1 Bxa5 38. Qa1 Bb4 39. f3 Nc3 40. Re1 Nd5 41. Re2 Bc5 42. Kh1 Nxe3 43. Rxe3 Rxd4 44. Re4 Bxe4 45. fxe4 Rxe4 46. g3 Re6 47. Kg2 Bf8 48. Qf1+ Rf6 49. Qd1 Rd6 50. Qf3+ Kg8 51. Kh3 b4 52. Qe4 c3 53. Qxb4 Rc6 54. Qb3+ Kg7 55. Qb7+ Kh6 56. Qxc6 1-0


[Site "https://www.chess.com"]

[Event "Titled Tuesday Blitz February 22 Early 2022"]
[White "Nakamura, Hikaru"]
[Black "Durarbayli, Vasif"]
[WhiteFideId "2016192"]
[BlackFideId "13402935"]
[WhiteElo "2850"]
[BlackElo "2528"]
[Result "1-0"]
[Round "06"]
[TimeControl "180+1"]
[Date "2022.02.22"]
[WhiteClock "0:01:08"]
[BlackClock "0:00:14"]

1. Nf3 d5 2. e3 c5 3. b3 a6 4. Bb2 Nc6 5. d4 cxd4 6. Nxd4 Nf6 7. Nxc6 bxc6 8. c4 Bf5 9. Nc3 e6 10. Be2 Bd6 11. O-O h5 12. h3 Bc7 13. Ba3 Bb8 14. cxd5 exd5 15. Rc1 Qc7 16. f4 Ba7 17. Rf3 Be4 18. Nxe4 dxe4 19. Rg3 h4 20. Rxg7 Bxe3+ 21. Kh1 Rd8 22. Qe1 Bd2 23. Qf2 Bxc1 24. Bxc1 Qd6 25. Rg5 Nd5 26. Re5+ Kf8 27. Rxe4 Re8 28. Rxe8+ Kxe8 29. Bxa6 Kf8 30. Bc4 Nf6 31. Qa7 Rh5 32. Qxf7# 1-0


[Site "https://www.chess.com"]

[Event "Titled Tuesday Blitz February 22 Early 2022"]
[White "Namitbir Singh Walia"]
[Black "Kadam, Om Manish"]
[WhiteFideId "35071068"]
[BlackFideId "45076294"]
[WhiteElo "1479"]
[BlackElo "1729"]
[Result "0-1"]
[Round "06"]
[TimeControl "180+1"]
[Date "2022.02.22"]
[WhiteClock "0:00:53"]
[BlackClock "0:01:49"]

1. d4 Nf6 2. c4 e6 3. Nf3 d5 4. g3 Be7 5. Bg2 O-O 6. O-O dxc4 7. Qc2 a6 8. Qxc4 b5 9. Qc2 Bb7 10. Bg5 Nbd7 11. Nbd2 h6 12. Bf4 Nd5 13. Ne5 c5 14. Nxd7 Qxd7 15. dxc5 Nxf4 16. c6 Nxe2+ 17. Kh1 Nd4 18. cxb7 Nxc2 19. bxa8=Q Rxa8 20. Rac1 Rc8 21. Nb3 Nb4 22. Rcd1 Qc7 23. a3 Nd5 24. Nd4 Bf6 25. Bh3 Bxd4 26. Rxd4 Qe5 27. Rfd1 Rc1 28. Rxd5 Qxd5+ 0-1


[Site "https://www.chess.com"]

[Event "Titled Tuesday Blitz February 22 Early 2022"]
[White "Narayanan, Srinath"]
[Black "Khumalo, Keith"]
[WhiteFideId "5018420"]
[BlackFideId "14319470"]
[WhiteElo "2472"]
[BlackElo "1992"]
[Result "1-0"]
[Round "06"]
[TimeControl "180+1"]
[Date "2022.02.22"]
[WhiteClock "0:01:43"]
[BlackClock "0:02:12"]

1. e4 c5 2. Nf3 d6 3. d4 cxd4 4. Nxd4 Nf6 5. Nc3 a6 6. h3 e6 7. g4 Be7 8. Bg2 Nfd7 9. Be3 b5 10. O-O Bb7 11. f4 Nb6 12. b3 Qc7 13. Qd2 Nc6 14. Nce2 O-O 15. Ng3 Rfd8 16. c3 d5 17. e5 b4 18. Rac1 bxc3 19. Qxc3 Rac8 20. Qd2 Qd7 21. Nxc6 Rxc6 22. Rxc6 Qxc6 23. Rc1 Qb5 24. Bf1 d4 25. Bxb5 dxe3 26. Qxe3 Nd5 27. Qa7 axb5 28. Qxb7 Ba3 29. Rc8 1-0


[Site "https://www.chess.com"]

[Event "Titled Tuesday Blitz February 22 Early 2022"]
[White "Nenezic, Marko"]
[Black "Voege, Tobias"]
[WhiteFideId "912123"]
[BlackFideId "1270513"]
[WhiteElo "2484"]
[BlackElo "2335"]
[Result "1-0"]
[Round "06"]
[TimeControl "180+1"]
[Date "2022.02.22"]
[WhiteClock "0:00:35"]
[BlackClock "0:00:01"]

1. Nf3 c5 2. c4 g6 3. e4 Bg7 4. d4 cxd4 5. Nxd4 Nc6 6. Be3 Nf6 7. Nc3 Ng4 8. Qxg4 Nxd4 9. Qd1 e5 10. Nb5 O-O 11. Qd2 Re8 12. O-O-O a6 13. Nxd4 exd4 14. Bxd4 Rxe4 15. Bxg7 Kxg7 16. h4 h5 17. f3 Re5 18. g4 hxg4 19. fxg4 b5 20. Bg2 d5 21. Qd4 f6 22. Bxd5 Be6 23. Bxa8 Qxa8 24. g5 Kf7 25. Rhe1 Qc6 26. Rxe5 fxe5 27. Qa7+ Ke8 28. Qb8+ Kf7 29. Qa7+ Ke8 30. c5 Qe4 31. Qb8+ Kf7 32. Qc7+ Kf8 33. Rd8# 1-0


[Site "https://www.chess.com"]

[Event "Titled Tuesday Blitz February 22 Early 2022"]
[White "Novikov, Evgenij"]
[Black "Leiva, Gianmarco"]
[WhiteFideId "4125380"]
[BlackFideId "3804399"]
[WhiteElo "2242"]
[BlackElo "2328"]
[Result "0-1"]
[Round "06"]
[TimeControl "180+1"]
[Date "2022.02.22"]
[WhiteClock "0:00:02"]
[BlackClock "0:00:40"]

1. d4 Nf6 2. Nf3 e6 3. g3 d5 4. c4 c6 5. Qc2 Bb4+ 6. Bd2 Bd6 7. Bg2 O-O 8. O-O Nbd7 9. b3 Ne4 10. Nc3 f5 11. Bf4 Bxf4 12. gxf4 Rf6 13. Ne5 Nxe5 14. dxe5 Rg6 15. Nxe4 fxe4 16. f3 e3 17. Qd3 d4 18. f5 exf5 19. f4 Be6 20. Rf3 c5 21. Raf1 b5 22. Rg3 bxc4 23. bxc4 Rb8 24. Bd5 Bxd5 25. cxd5 Qxd5 26. Qxf5 Rf8 27. Qc2 c4 28. f5 Rxg3+ 29. hxg3 Qxe5 30. Qxc4+ Kh8 31. Kh2 h5 32. Qd3 h4 33. Rf4 hxg3+ 34. Kxg3 g5 35. Qxd4 gxf4+ 36. Qxf4 Rxf5 37. Qxe5+ Rxe5 0-1


[Site "https://www.chess.com"]

[Event "Titled Tuesday Blitz February 22 Early 2022"]
[White "Nugumanov, Bakhtiyar"]
[Black "Steil-Antoni, Fiona"]
[WhiteFideId "13701797"]
[BlackFideId "4001249"]
[WhiteElo "2262"]
[BlackElo "2059"]
[Result "0-1"]
[Round "06"]
[TimeControl "180+1"]
[Date "2022.02.22"]
[WhiteClock "0:00:03"]
[BlackClock "0:00:12"]

1. Nf3 d6 2. d4 Bg4 3. g3 Bxf3 4. exf3 Nd7 5. f4 c6 6. Bg2 Ngf6 7. O-O g6 8. c4 Bg7 9. Nc3 O-O 10. d5 Qc7 11. Re1 Rfe8 12. f5 Ne5 13. Qe2 gxf5 14. Bg5 e6 15. f4 Ng6 16. dxc6 bxc6 17. Rac1 h6 18. Bxf6 Bxf6 19. Qf3 Rab8 20. b3 Qa5 21. Na4 d5 22. Kh1 Kg7 23. Re2 Re7 24. Nc5 Qxc5 25. Rec2 Qd4 26. Rd1 Qb6 27. h4 Nf8 28. h5 Nd7 29. g4 fxg4 30. Qxg4+ Kh8 31. f5 Rg8 32. Qf4 Bg5 33. Qd6 Qc5 34. Qc7 Nf6 35. Qe5 exf5 36. Qxf5 Nxh5 37. cxd5 Ng3+ 38. Kh2 Nxf5 39. Rxc5 Ne3 0-1


[Site "https://www.chess.com"]

[Event "Titled Tuesday Blitz February 22 Early 2022"]
[White "Nur-Mukhametova, Alisa"]
[Black "Maze, Sebastien"]
[WhiteFideId "54117739"]
[BlackFideId "613762"]
[WhiteElo "2015"]
[BlackElo "2462"]
[Result "0-1"]
[Round "06"]
[TimeControl "180+1"]
[Date "2022.02.22"]
[WhiteClock "0:00:35"]
[BlackClock "0:01:16"]

1. Nf3 Nf6 2. g3 g6 3. Bg2 Bg7 4. O-O O-O 5. d4 d6 6. c4 c6 7. Nc3 Qa5 8. Qc2 Qh5 9. e4 Bh3 10. Bxh3 Qxh3 11. Ng5 Qh5 12. Qd1 Qxd1 13. Rxd1 Nbd7 14. f4 Ne8 15. Nf3 Nc7 16. Be3 d5 17. cxd5 cxd5 18. e5 e6 19. Rac1 Rfc8 20. Bd2 Bf8 21. a3 b5 22. Rc2 Nb6 23. Rdc1 Nc4 24. Nb1 Na6 25. Kg2 Rcb8 26. Ne1 b4 27. axb4 Nxb4 28. Bxb4 Ne3+ 29. Kf2 Nxc2 30. Bxf8 Nxe1 31. Kxe1 Kxf8 32. Rc2 Rb4 0-1


[Site "https://www.chess.com"]

[Event "Titled Tuesday Blitz February 22 Early 2022"]
[White "Obolenskikh, Dmitry"]
[Black "Yilmaz, Mustafa"]
[WhiteFideId "4156013"]
[BlackFideId "6302718"]
[WhiteElo "2512"]
[BlackElo "2568"]
[Result "0-1"]
[Round "06"]
[TimeControl "180+1"]
[Date "2022.02.22"]
[WhiteClock "0:01:01"]
[BlackClock "0:00:59"]

1. Nf3 c6 2. c4 d5 3. e3 Nf6 4. Nc3 e6 5. b3 Nbd7 6. Bb2 Bd6 7. d4 Ne4 8. Bd3 f5 9. O-O O-O 10. Ne2 Qf6 11. a4 g5 12. Ba3 Bxa3 13. Rxa3 a5 14. Ra1 h5 15. Ne1 h4 16. f3 Nd6 17. Nc2 Qh6 18. Qd2 Nf6 19. Nc3 Bd7 20. c5 Nf7 21. b4 axb4 22. Nxb4 Rae8 23. f4 gxf4 24. exf4 Qg7 25. Ne2 Nh6 26. a5 Ne4 27. Bxe4 fxe4 28. a6 bxa6 29. Rxa6 Ra8 30. Rfa1 Rxa6 31. Rxa6 Nf5 32. Nxc6 Bxc6 33. Rxc6 Ra8 34. Qc3 Ra2 35. Kf1 Qg4 0-1


[Site "https://www.chess.com"]

[Event "Titled Tuesday Blitz February 22 Early 2022"]
[White "Obolentseva, Alexandra"]
[Black "Qashashvili, Alexandre"]
[WhiteFideId "24153648"]
[BlackFideId "13600842"]
[WhiteElo "2113"]
[BlackElo "2316"]
[Result "1-0"]
[Round "06"]
[TimeControl "180+1"]
[Date "2022.02.22"]
[WhiteClock "0:01:05"]
[BlackClock "0:01:28"]

1. d4 d5 2. c4 c6 3. Nf3 Nf6 4. Nc3 e6 5. Bg5 Be7 6. e3 h6 7. Bh4 Ne4 8. Bxe7 Nxc3 9. Bxd8 Nxd1 10. Rxd1 Kxd8 11. Ne5 Ke7 12. cxd5 exd5 13. Bd3 Nd7 14. Nxd7 Bxd7 15. O-O Kf6 16. Rc1 Bf5 17. Bxf5 Kxf5 18. Rc5 a6 19. Rfc1 Rhc8 20. b4 Ke6 21. a4 Kd6 22. b5 axb5 23. axb5 Ra2 24. bxc6 bxc6 25. g3 Rc7 26. Kg2 h5 27. Rb1 Ra6 28. Rb8 g6 29. Rd8+ Rd7 30. Rb8 Kc7 31. Rb2 Kd6 32. Kf3 Rda7 33. Rb8 Ra8 34. Rb7 R8a7 35. Rxa7 Rxa7 36. Rc2 Rc7 37. Kf4 f6 38. h3 c5 39. dxc5+ Rxc5 40. Ra2 Rc4+ 41. Kf3 Rc6 42. Ra8 Ke6 43. Re8+ Kf7 44. Rd8 Ke6 45. Ke2 Rc2+ 46. Kf3 Rc6 47. Re8+ Kf7 48. Ra8 Ke6 49. Ra7 Rd6 50. Rg7 f5 51. Rxg6+ Ke5 52. Rxd6 Kxd6 53. Kf4 Ke6 54. Kg5 Ke5 55. f3 d4 56. exd4+ Kxd4 57. Kf4 Kd3 58. g4 fxg4 59. fxg4 hxg4 60. hxg4 Kd4 61. Kf5 Kd5 62. g5 Kd6 63. Kf6 Kd7 64. Kf7 Kd6 65. g6 Ke5 66. g7 Kf5 67. g8=Q 1-0


[Site "https://www.chess.com"]

[Event "Titled Tuesday Blitz February 22 Early 2022"]
[White "Omariev, Maksim"]
[Black "Nesterov, Arseniy"]
[WhiteFideId "4193423"]
[BlackFideId "24198455"]
[WhiteElo "2495"]
[BlackElo "2489"]
[Result "0-1"]
[Round "06"]
[TimeControl "180+1"]
[Date "2022.02.22"]
[WhiteClock "0:00:11"]
[BlackClock "0:00:55"]

1. g4 e5 2. Bg2 Nc6 3. c4 g6 4. Nc3 Bg7 5. d3 Nge7 6. h4 h5 7. gxh5 Rxh5 8. Nf3 Rh8 9. Bg5 d6 10. Nd5 Be6 11. Nf6+ Kf8 12. Qb3 Qc8 13. O-O-O Rb8 14. Qc3 Ng8 15. Nd5 e4 16. Qd2 exf3 17. Bxf3 Nd4 18. Bg2 b5 19. e3 Nf5 20. h5 gxh5 21. f4 bxc4 22. d4 h4 23. Nc3 f6 24. e4 Ng3 25. Bxh4 Nxh1 26. Rxh1 Bf7 27. Qf2 Ne7 28. Rg1 Rxh4 29. Qxh4 Ng6 30. Qf2 Qg4 31. Ne2 Bh6 32. Bf3 Qh4 33. Rg4 Qxf2 0-1


[Site "https://www.chess.com"]

[Event "Titled Tuesday Blitz February 22 Early 2022"]
[White "Ozates, Tuna"]
[Black "Nosacheva, Mariya"]
[WhiteFideId "6354521"]
[BlackFideId "34111422"]
[WhiteElo "1872"]
[BlackElo "2055"]
[Result "1-0"]
[Round "06"]
[TimeControl "180+1"]
[Date "2022.02.22"]
[WhiteClock "0:02:42"]
[BlackClock "0:02:11"]

1. e4 c5 2. Nf3 d6 3. Bb5+ Bd7 4. Bxd7+ Qxd7 5. O-O g6 6. c3 Bg7 7. d4 cxd4 8. cxd4 e5 9. Nc3 Nc6 10. dxe5 Nxe5 11. Nxe5 Bxe5 12. Nd5 Ne7 13. Bh6 Nxd5 14. Qxd5 Qc6 15. Qd3 O-O-O 16. Rac1 1-0


[Site "https://www.chess.com"]

[Event "Titled Tuesday Blitz February 22 Early 2022"]
[White "Papasimakopoulos, Alexandros"]
[Black "Maltsevskaya, Aleksandra"]
[WhiteFideId "4244125"]
[BlackFideId "24174041"]
[WhiteElo "2340"]
[BlackElo "2283"]
[Result "1-0"]
[Round "06"]
[TimeControl "180+1"]
[Date "2022.02.22"]
[WhiteClock "0:00:35"]
[BlackClock "0:00:01"]

1. d4 Nf6 2. c4 g6 3. Nc3 Bg7 4. e4 d6 5. f3 O-O 6. Nge2 a6 7. Be3 Nc6 8. Qd2 Na5 9. Nc1 Nd7 10. Nb3 Nxb3 11. axb3 c5 12. Be2 Rb8 13. O-O cxd4 14. Bxd4 Bxd4+ 15. Qxd4 Nc5 16. Ra3 b5 17. cxb5 axb5 18. b4 Ne6 19. Qe3 Bd7 20. Ra7 Bc6 21. f4 Ra8 22. Rfa1 Rxa7 23. Rxa7 d5 24. exd5 Bxd5 25. Bxb5 Qd6 26. Rd7 Qxb4 27. Rxd5 Qxb2 28. h3 Rc8 29. Ne2 Qb4 30. f5 Nc7 31. Qc5 Qe1+ 32. Kh2 Nxd5 33. Qxc8+ Kg7 34. fxg6 Ne3 35. Qc3+ Qxc3 36. Nxc3 hxg6 37. Kg3 e5 38. Kf3 Nc2 39. Bd3 Nd4+ 40. Ke4 f6 41. Ne2 Ne6 42. Bc4 Nc5+ 43. Kd5 Nd7 44. Kd6 Nf8 45. Ke7 Nh7 46. h4 g5 47. h5 g4 48. Ng3 Kh6 49. Bd3 Ng5 50. Kxf6 Nh3 51. Bg6 1-0


[Site "https://www.chess.com"]

[Event "Titled Tuesday Blitz February 22 Early 2022"]
[White "Papp, Levente"]
[Black "Karabalis, Harilos"]
[WhiteFideId "751243"]
[BlackFideId "4621808"]
[WhiteElo "2308"]
[BlackElo "2168"]
[Result "1-0"]
[Round "06"]
[TimeControl "180+1"]
[Date "2022.02.22"]
[WhiteClock "0:00:12"]
[BlackClock "0:00:30"]

1. g3 Nf6 2. c4 e6 3. Bg2 d5 4. Nf3 Be7 5. O-O O-O 6. Qc2 c6 7. d4 Nbd7 8. Nc3 Re8 9. b3 b6 10. Nd2 Bb7 11. e4 dxe4 12. Ndxe4 Rc8 13. Bb2 Qc7 14. Rad1 c5 15. d5 exd5 16. cxd5 Bf8 17. Nb5 Qb8 18. Nxf6+ Nxf6 19. Bxf6 gxf6 20. Qf5 Bg7 21. Be4 h6 22. Qh7+ Kf8 23. Bg2 a6 24. Nc3 Rcd8 25. Rfe1 Rxe1+ 26. Rxe1 b5 27. Qf5 Bc8 28. Qc2 f5 29. Ne2 Qe5 30. Qxc5+ Kg8 31. Qe3 Qb2 32. Qe7 Bf6 33. Qc7 Qd2 34. Qc1 Qb4 35. Rd1 Bb7 36. Qxh6 Bg7 37. Qg5 Re8 38. Nf4 Re1+ 39. Rxe1 Qxe1+ 40. Bf1 Kh8 41. Qd8+ Kh7 42. Qd7 Ba8 43. Qxf7 Qe4 44. Qh5+ Kg8 45. Qe2 Qb1 46. Qe8+ Kh7 47. Qxa8 1-0


[Site "https://www.chess.com"]